 Dungeon Crawl Stone Soup version 0.23.2-33-g5129a83184 (webtiles) character file.

Game seed: 3859963983831433679

1094 FishyPogo the Gusty (level 8, -3/62 HPs)
             Began as a Grey Draconian Air Elementalist on Aug 6, 2019.
             Was a Follower of Dithmenos.
             Slain by an orc warrior
             ... wielding a +0 glaive
              (9 damage)
             ... on level 5 of the Dungeon on Aug 7, 2019.
             The game lasted 00:38:34 (4836 turns).

FishyPogo the Gusty (DrAE)                          Turns: 4836, Time: 00:38:34

Health: -3/62      AC: 11    Str: 10    XL:     8   Next: 9%
Magic:  0/14       EV: 13    Int: 16    God:    Dithmenos [*.....]
Gold:   259        SH:  0    Dex: 14    Spells: 7/16 levels left

rFire    + . .     SeeInvis .   a - +2 dagger (speed)
rCold    + . .     Gourm    .   (no shield)
rNeg     + . .     Faith    .   (armour unavailable)
rPois    .         Spirit   .   x - +0 hat
rElec    .         Reflect  .   s - scarf {rC+ rF+}
rCorr    +         Harm     .   (no gloves)
MR       .....                  (no boots)
Stlth    ++........             (no amulet)
HPRegen  0.20/turn              h - ring of positive energy
MPRegen  0.14/turn              B - ring of resist corrosion

@: wreathed by umbra
A: walk through water, unfitting armour, unbreathing, cold-blooded, AC +11
a: Renounce Religion


You were on level 5 of the Dungeon.
You worshipped Dithmenos.
Dithmenos was aware of your devotion.
You were not hungry.

You visited 1 branch of the dungeon, and saw 5 of its levels.
You also visited: Ossuary.

You collected 259 gold pieces.

Inventory:

Hand Weapons
 a - a +2 dagger of speed (weapon)
 b - a +4 antimagic flail
Armour
 s - a scarf of resistance (worn)
 x - a +0 hat (worn)
Jewellery
 h - a ring of positive energy (left hand)
 B - a ring of resist corrosion (right hand)
Wands
 C - a wand of iceblast (8)
Scrolls
 d - 2 scrolls of teleportation
 g - 2 scrolls of fear
 j - a scroll of amnesia
 m - 2 scrolls of noise
 u - 2 scrolls of fog
 v - 2 scrolls of blinking {unknown}
 y - a scroll of immolation {unknown}
Potions
 c - a potion of flight {unknown}
 e - 4 potions of magic {unknown}
 f - 3 potions of berserk rage {unknown}
 i - a potion of invisibility {unknown}
 k - 3 potions of cancellation {unknown}
 l - a potion of mutation {unknown}
 n - a potion of agility {unknown}
 o - 2 potions of heal wounds {unknown}
 p - a potion of brilliance {unknown}
 q - a potion of degeneration {unknown}
 r - 4 potions of curing {unknown}
 t - a potion of might {unknown}
 w - a potion of lignification {unknown}
 z - 2 potions of haste {unknown}
Comestibles
 A - 10 rations
 D - 6 chunks of flesh


   Skills:
 + Level 2.8 Fighting
 - Level 1.1 Short Blades
 * Level 2.2 Maces & Flails
 + Level 3.2 Dodging
 - Level 2.1 Stealth
 + Level 4.6 Spellcasting
 + Level 3.5 Conjurations
 - Level 5.0 Air Magic


You had 7 spell levels left.
You knew the following spells:

 Your Spells              Type           Power        Failure   Level  Hunger
a - Shock                 Conj/Air       ###.         2%          1    None
b - Swiftness             Chrm/Air       ##......     9%          2    ##.....
c - Airstrike             Air            ###.......   21%         4    ####...
d - Call Imp              Summ           #.......     24%         2    ##.....

Your spell library contained the following spells:

 Spells                   Type           Power        Failure   Level  Hunger
 Magic Dart               Conj           ###.         3%          1    None
 Static Discharge         Conj/Air       ###.....     9%          3    ###....
 Mephitic Cloud           Conj/Pois/Air  ##......     14%         3    ###....
 Conjure Flame            Conj/Fire      #.......     22%         3    ###....
 Blink                    Tloc           N/A          24%         2    ##.....
 Slow                     Hex            #.......     24%         2    ##.....
 Lightning Bolt           Conj/Air       ###.......   58%         5    ######.


Dungeon Overview and Level Annotations

Branches:
Dungeon (5/15)
 Temple: D:4-7

Altars:
Ashenzari
Dithmenos


Innate Abilities, Weirdness & Mutations

You can walk through water.
Your dull iron-grey scales are very hard. (AC +11)
You cannot fit into any form of body armour.
You can survive without breathing.
You are cold-blooded and may be slowed by cold attacks.


Message History

The orc warrior hits you with a +0 glaive!
* * * LOW HITPOINT WARNING * * *
Casting: Shock (safe; 2% risk of failure)
Confirm with . or Enter, or press ? or * to list all spells.
Aiming: Shock (safe; 2% risk of failure)
Press: ? - help, Shift-Dir - straight line, f - orc warrior
Aim: an orc warrior, wielding a +0 glaive and wearing a +0 plate armour (moderately wounded, umbra)
The zap misses the orc warrior.
Casting: Shock (safe; 2% risk of failure)
Confirm with . or Enter, or press ? or * to list all spells.
Aiming: Shock (safe; 2% risk of failure)
Press: ? - help, Shift-Dir - straight line, f/p - orc warrior
Aim: an orc warrior, wielding a +0 glaive and wearing a +0 plate armour (moderately wounded, umbra)
The zap hits the orc warrior but does no damage.
The orc warrior is moderately wounded.
The orc warrior hits you with a +0 glaive!
* * * LOW HITPOINT WARNING * * *
The orc priest shouts!
The orc warrior hits you from afar with a +0 glaive!
You die...

#.)....
..... ...
#.# #.# #.#
#.# #.#####
#.#.@<# .
#.#.### ...
#o#o#
.....#)#)#
........o.#
#.....###..#
###_#####..#
(....###..#
..........##


You could see an orc warrior and an orc priest.

Vanquished Creatures
  Edmund (D:4)
  An ice beast (D:4)
  An ogre (D:5)
  2 scorpions
  A howler monkey (D:4)
  An orc priest (D:3)
  2 hounds (D:4)
  Jessica (D:2)
  Natasha (thrice) (D:2)
  Ijyb (D:4)
  2 iguanas
  3 worker ants
  4 big kobold zombies (Ossuary)
  2 mummies (Ossuary)
  Robin (D:3)
  10 adders
  3 oozes
  2 adder zombies (Ossuary)
  3 worms
  4 dart slugs
  3 leopard geckos
  5 orcs
  A ball python (D:3)
  2 giant cockroaches
  11 goblins
  10 hobgoblins
  14 jackals
  5 quokkas
  10 bats
  3 frilled lizards
  2 goblin zombies (Ossuary)
  6 hobgoblin zombies (Ossuary)
  3 jackal zombies (Ossuary)
  6 kobolds
  7 kobold zombies (Ossuary)
  A leopard gecko skeleton (D:4)
  12 orc zombies (Ossuary)
  7 rats
156 creatures vanquished.

Notes
Turn   | Place    | Note
-------+----------+-------------------------------------------
     0 | D:1      | FishyPogo the Draconian Air Elementalist began the quest
                  | for the Orb.
     0 | D:1      | Reached XP level 1. HP: 14/14 MP: 3/3
   133 | D:1      | Reached XP level 2. HP: 10/20 MP: 0/5
   221 | D:1      | Learned a level 2 spell: Swiftness
   962 | D:2      | Noticed Jessica
  1143 | D:2      | Reached XP level 3. HP: 26/26 MP: 1/7
  1410 | D:2      | Reached XP level 4. HP: 24/33 MP: 3/8
  1691 | D:2      | Killed Jessica
  1739 | D:2      | Noticed Natasha
  1786 | D:2      | Killed Natasha
  1786 | D:2      | Reached skill level 4 in Air Magic
  1786 | D:2      | Reached XP level 5. HP: 27/38 MP: 2/10
  1792 | D:2      | Learned a level 4 spell: Airstrike
  2283 | D:2      | Noticed Natasha
  2299 | D:2      | Killed Natasha
  2309 | D:2      | Noticed Natasha
  2324 | D:2      | Killed Natasha
  2875 | D:3      | Noticed Robin
  2884 | D:3      | Killed Robin
  2884 | D:3      | Reached XP level 6. HP: 43/46 MP: 1/11
  3439 | D:3      | Reached skill level 1 in Fighting
  3540 | D:4      | Learned a level 2 spell: Call Imp
  3642 | D:4      | Noticed Edmund
  3662 | D:4      | Reached skill level 5 in Air Magic
  3677 | D:4      | Killed Edmund
  3677 | D:4      | Your scales start taking on a dull iron-grey colour.
  3677 | D:4      | Reduced skill Air Magic to level 4
  3677 | D:4      | Reached XP level 7. HP: 32/53 MP: 0/13
  3677 | D:4      | Gained mutation: You can survive without breathing. [Grey
                  | Draconian growth]
  3696 | D:4      | Found a shadowy altar of Dithmenos.
  3709 | D:4      | Found a sand-covered staircase.
  3784 | D:4      | Became a worshipper of Dithmenos the Shadowed
  3797 | Ossuary  | Entered an ossuary
  4033 | Ossuary  | Reached * piety under Dithmenos
  4376 | D:4      | Reached skill level 1 in Short Blades
  4426 | D:4      | Noticed Ijyb
  4489 | D:4      | Killed Ijyb
  4523 | D:4      | Reached skill level 1 in Maces & Flails
  4769 | D:5      | Entered Level 5 of the Dungeon
  4773 | D:5      | Found a shattered altar of Ashenzari.
  4788 | D:5      | Reached XP level 8. HP: 57/62 MP: 6/14
  4821 | D:5      | Reached skill level 5 in Air Magic
  4836 | D:5      | Slain by an orc warrior

Skill      XL: |  1  2  3  4  5  6  7  8 |
---------------+-------------------------+-----
Stealth        | 2 |  2.1
Dodging        | 2 3 |  3.2
Spellcasting   | 3 4 |  4.6
Conjurations   | 2 3 |  3.5
Air Magic      | 4 4 5 |  5.0
Fighting       | 1 2 |  2.8
Short Blades   | 1 |  1.1
Maces & Flails | 2 |  2.2

Action                   |  1- 3 |  4- 6 |  7- 9 || total
-------------------------+-------+-------+-------++-------
Melee: Unarmed           |    10 |       |       ||    10
       Tailslap          |     1 |    11 |    17 ||    29
       Short sword       |    11 |    24 |       ||    35
       Dagger            |       |    28 |   179 ||   207
 Cast: Shock             |    54 |   169 |   105 ||   328
       Airstrike         |       |     1 |       ||     1
       Call Imp          |       |     3 |     2 ||     5
  Use: Scroll            |       |     6 |       ||     6
 Stab: Sleeping          |       |     1 |       ||     1
  Eat: Chunk             |     2 |     7 |     4 ||    13
Armor: Skin              |     9 |    23 |    66 ||    98
Dodge: Dodged            |    34 |    57 |   119 ||   210
